 Dungeon Crawl Stone Soup version 0.30-a0-870-gc5d4c5acee (webtiles) character file.

Game seed: 6768058320565605517

1 greasedhog the Caller (level 1, -2/10 HPs)
             Began as a Gargoyle Summoner on Mar 11, 2023.
             Slain by a quokka (3 damage)
             ... on level 1 of the Dungeon.
             The game lasted 00:00:34 (58 turns).

greasedhog the Caller (Gargoyle Summoner)             Turns: 58, Time: 00:00:35

Health: -2/10      AC:  4    Str: 11    XL:     1   Next: 20%
Magic:  1/3        EV: 11    Int: 15    God:
Gold:   0          SH:  0    Dex: 10    Spells: 3/4 levels left

rFire   . . .      SeeInvis .    (no weapon)
rCold   . . .      Faith    .    (no shield)
rNeg    + . .      Spirit   .    a - +0 robe
rPois   ∞          Reflect  .    (no helmet)
rElec   +          Rampage  .    (no cloak)
rCorr   .                        (no gloves)
Will    .....                    (no boots)
Stlth   ++                       (no amulet)
HPRegen 0.21/turn                (no ring)
MPRegen 0.08/turn                (no ring)

@: no status effects
A: sickness immunity, AC +2, negative energy resistance 1, electricity
resistance, torment resistance 1, petrification resistance
a: no special abilities


You were on level 1 of the Dungeon.
You visited 1 branch of the dungeon, and saw 1 of its levels.

Inventory:

Armour
 a - a +0 robe (worn)
Potions
 b - a potion of magic


   Skills:
 + Level 0.1 Fighting
 - Level 1.5 Dodging
 - Level 2.1 Stealth
 - Level 2.0 Spellcasting
 * Level 3.6 Summonings


You had 3 spell levels left.
You knew the following spells:

 Your Spells              Type           Power      Damage    Failure   Level
a - Summon Small Mammal   Summ           48%        N/A       4%          1

Your spell library contained the following spells:

 Spells                   Type           Power      Damage    Failure   Level
 Call Imp                 Summ           12%        N/A       8%          2
 Call Canine Familiar     Summ           12%        N/A       16%         3
 Summon Guardian Golem    Hex/Summ       6%         N/A       32%         3
 Summon Lightning Spire   Summ/Air       6%         N/A       71%         4


Dungeon Overview and Level Annotations

Branches:
Dungeon (1/15)

Altars:


Innate Abilities, Weirdness & Mutations

You are immune to sickness and miasma.
Your stone body is resilient. (AC +2)
You are immune to poison.
You resist negative energy. (rN+)
You are resistant to electric shocks. (rElec)
You are resistant to unholy torment.
You are immune to petrification.


Message History

The rat is moderately wounded.
Your bat hits the rat but does no damage.
You closely miss the rat.
Your bat barely misses the rat.
The rat bites you but does no damage. The rat bites you.
Your bat barely misses the rat.
The rat closely misses you.
You hit the rat but do no damage.
The rat is moderately wounded.
Your bat hits the rat.
The rat bites you but does no damage. x2
You hit the rat.
You kill the rat!
Your bat hits the rat but does no damage.
The rat misses you.
Your bat hits the quokka but does no damage.
The quokka bites you but does no damage.
The rat twitches its whiskers.
You closely miss the quokka. The quokka barely misses you.
You barely miss the rat.
Your bat closely misses the rat.
The quokka closely misses you. The rat bites you but does no damage.
You barely miss the rat.
Your bat hits the rat but does no damage.
The quokka barely misses you. The rat bites you but does no damage.
You hit the rat but do no damage.
Your bat closely misses the rat.
The quokka bites you. The rat bites you.
You are too injured to fight recklessly!
Casting: Summon Small Mammal (safe; 4% risk of failure)
Confirm with . or Enter, or press ? or * to list all spells.
The quokka bites you but does no damage.
Your bat barely misses the rat.
Your bat barely misses the quokka.
The quokka bites you.
* * * LOW HITPOINT WARNING * * *
The rat barely misses you. The rat attacks as you move away!
The rat closely misses you.
Your bat hits the rat. x2
The rat dies!
You closely miss the quokka.
Your bat barely misses the quokka. x2
The quokka bites you.
* * * LOW HITPOINT WARNING * * *
You closely miss the quokka.
Your bat barely misses the quokka. x2
The quokka bites you.
You die...

...........##.####
.....#####.#.....#
#.### #.#..# .# #
####.#..# .#
####.......# K# #
.......b...##.#.#.#
........†.........#
..##..b.r###.###..#
# ##..@.#![r)[#
#....##lr.##
#....#.....
#....####### ##....
...... #####.# .#


You could see a quokka (ally target) and 2 friendly bats.

Vanquished Creatures
  A rat (D:1)
1 creature vanquished.

Vanquished Creatures (collateral kills)
  A rat (D:1)
1 creature vanquished.

Grand Total: 2 creatures vanquished

Notes
Turn   | Place    | Note
-------+----------+-------------------------------------------
     0 | D:1      | greasedhog the Gargoyle Summoner began the quest for the
                  | Orb.
     0 | D:1      | Reached XP level 1. HP: 10/10 MP: 3/3
    58 | D:1      | Slain by a quokka

Illustrated notes

Levels and vault maps discovered:
D:1:      dpeg_arrival_tiny_a, layout_basic, serial_shops,
          nicolae_shop_behind_doors, minmay_door_square, minmay_split_cup_large

Action                     || total
---------------------------++-------
  Melee: Unarmed           ||    11
   Cast: Summon Small Mamm ||     3
 Armour: Robe              ||     8
  Dodge: Dodged            ||     7

Table legend: (Time is in decaauts)
 A = Elapsed time spent in this place.
 B = Non-inter-level travel time spent in this place.
 C = Inter-level travel time spent in this place.
 D = Time resting spent in this place.
 E = Time spent auto-exploring this place.
 F = Levels seen in this place.
 G = Mean time per level.
                   A        B        C        D        E       F      G
               +--------+--------+--------+--------+--------+-----+--------+
         Total |     58 |     58 |      0 |      0 |     32 |   1 |   58.0 |
       Dungeon |     58 |     58 |      0 |      0 |     32 |   1 |   58.0 |
               +--------+--------+--------+--------+--------+-----+--------+

Top non-repeatable levels by time:
     D:1: 58 daAuts
